 Dungeon Crawl Stone Soup version 0.30-a0-341-g682706514a (webtiles) character file.

Game seed: 12817269510393498766

190 Shayle the Conjurer (level 5, -3/49 HPs)
             Began as a Naga Reaver on Nov 2, 2022.
             Shot with an arrow by a centaur (10 damage)
             ... on level 5 of the Dungeon.
             The game lasted 00:11:28 (2454 turns).

Shayle the Conjurer (Naga Reaver)                   Turns: 2454, Time: 00:11:29

Health: -3/49      AC:  6    Str: 15    XL:     5   Next: 69%
Magic:  9/9        EV:  9    Int: 15    God:
Gold:   97         SH:  0    Dex:  9    Spells: 9/10 levels left

rFire   + . .      SeeInvis +    i - +1 whip (pain)
rCold   . . .      Faith    .    (no shield)
rNeg    . . .      Spirit   .    d - +2 robe {rF+}
rPois   +          Reflect  .    p - +2 hat
rElec   .          Harm     .    (no cloak)
rCorr   .          Rampage  .    (no gloves)
Will    .....                    (no barding)
Stlth   +.........               (no amulet)
HPRegen 0.28/turn                (no ring)
MPRegen 0.11/turn                (no ring)

@: invisible, very slow
A: AC +1, large, see invisible, deformed body, poison resistance, slowness 2,
spit poison 1, naga tail 1
a: Spit Poison


You were on level 5 of the Dungeon.
You visited 1 branch of the dungeon, and saw 5 of its levels.

You collected 97 gold pieces.

Inventory:

Hand Weapons
 a - a +0 mace
 f - a +0 short sword
 i - a +1 whip of pain (weapon)
Missiles
 c - 2 poisoned darts
Armour
 d - a +2 robe of fire resistance (worn)
 l - a +1 helmet
 o - the +0 robe of Muttered Phrases {rC+}
   (You found it on level 2 of the Dungeon)

   rC:        It protects you from cold.
 p - a +2 hat (worn)
Scrolls
 e - 3 scrolls of identify
 g - 2 scrolls of brand weapon
Potions
 j - a potion of ambrosia {unknown}
 k - a potion of cancellation {unknown}
 q - a potion of invisibility


   Skills:
 + Level 3.0 Fighting
 + Level 3.8 Maces & Flails
 + Level 1.5 Armour
 - Level 1.6 Dodging
 + Level 3.0 Spellcasting
 + Level 3.8 Conjurations


You had 9 spell levels left.
You knew the following spells:

 Your Spells              Type           Power      Damage    Failure   Level
a - Kiss of Death         Conj/Necr      32%        2d7       9%          1

Your spell library contained the following spells:

 Spells                   Type           Power      Damage    Failure   Level
 Momentum Strike          Conj/Tloc      16%        3d8       14%         2
 Hailstorm                Conj/Ice       8%         3d4       26%         3


Dungeon Overview and Level Annotations

Branches:
Dungeon (5/15)             Temple (0/1) D:5

Altars:

Annotations:
D:3 1 runed translucent door, Pooter's ghost, amateur MiFi
D:5 Grinder


Innate Abilities, Weirdness & Mutations

Your serpentine skin is tough. (AC +1)
You have supernaturally acute eyesight. (SInv)
Armour fits poorly on your strangely shaped body.
Your system is resistant to poisons. (rPois)
You cover ground very slowly.
You can spit poison.
You have a snake-like lower body.


Message History

The creatures around you are filled with an inner flame!
It was a scroll of immolation.
Grinder zaps a wand.
The puff of flame hits you. You resist.
You aren't carrying any items that you can evoke.
Unknown command.
You have got your breath back.
Grinder zaps a wand.
The puff of flame hits you. You resist.
Grinder says, "What is the universe for?"
Grinder gestures at you.
You struggle to resist.
Grinder blinks!
A centaur comes into view.
Found a robe.
Found a stone staircase leading up.
Found a stone staircase leading down.
The centaur shouts!
The centaur wields a +0 shortbow.
The centaur shoots an arrow.
The arrow hits you!
The centaur shoots an arrow.
The arrow barely misses you.
Okay, then.
You aren't carrying any items that you can evoke.
Unknown command.
The centaur shoots an arrow.
The arrow hits you.
The centaur shoots an arrow.
The arrow hits you!
* * * LOW HITPOINT WARNING * * *
It was a potion of invisibility.
You fade into invisibility!
The centaur shoots an arrow.
The arrow barely misses you.
The centaur shoots an arrow.
The arrow barely misses you.
Grinder zaps a wand.
The centaur shoots an arrow.
Grinder's inner flame fades away.
Grinder zaps a wand.
The centaur shoots an arrow.
Grinder says, "There's only one good use for a tongue: cutting it out."
Grinder gestures at something.
Grinder zaps a wand.
Found a glowing dagger.
Found a stone staircase leading up.
The centaur shoots an arrow.
The arrow hits you but does no damage.
The centaur shoots an arrow.
The arrow barely misses you.
The centaur shoots an arrow.
The arrow hits you.
* * * LOW HITPOINT WARNING * * *
The centaur shoots an arrow.
The arrow hits you!
You die...

*,,* ****,,,,,,,,,,,***** **,**
#..........,,,,*,,,, **,***
*.#.#......,,,,*,,,, *,,,,*
*..........,,,,*,,,, **,,,,*
*,#.#......,,,,*,_,, ## *,,,,,*
*,.........,,,,*,,,, .####.#*,**
**#........,,,,*,,,, ..##...#**
#<.......,,,,*,,,, .......##
#@.......,,,,***** ........#
###........,,,,,,,,* ........##
###..........,,,,,,,,*
.........###....#....)..,,,,,,,**
..............#####.....,,,,,,**
.............### *##...,,,,,,*
.......###.5...#### *###,,,,,**
......## ##c......#** ***,>**
......# *#.........*** **,*


You could see Grinder (unable to see you) and a centaur (unable to see you).

Vanquished Creatures
  A scorpion (D:5)
  A hound (D:5)
  Robin (D:3)
  3 adders
  3 worms
  3 dart slugs
  5 ball pythons
  3 endoplasms (D:1)
  11 goblins
  4 hobgoblins
  6 kobolds
  2 quokkas
  4 bats
  A frilled lizard (D:3)
  5 rats
53 creatures vanquished.

Vanquished Creatures (others)
  5 plants (D:3)
5 creatures vanquished.

Grand Total: 58 creatures vanquished

Notes
Turn   | Place    | Note
-------+----------+-------------------------------------------
     0 | D:1      | Shayle the Naga Reaver began the quest for the Orb.
     0 | D:1      | Reached XP level 1. HP: 19/19 MP: 3/3
   229 | D:1      | Found a faded altar of an unknown god.
   298 | D:1      | Reached XP level 2. HP: 24/26 MP: 5/5
   945 | D:2      | Reached XP level 3. HP: 33/33 MP: 6/6
  1058 | D:2      | Identified the +0 robe of Muttered Phrases {rC+}
  1423 | D:3      | Reached XP level 4. HP: 26/40 MP: 7/7
  1650 | D:3      | Noticed Robin
  1659 | D:3      | Reached skill level 1 in Armour
  1690 | D:3      | Killed Robin
  1980 | D:3      | Found a runed translucent door.
  1980 | D:3      | Noticed Pooter's ghost (amateur MiFi)
  2320 | D:4      | Noticed a phantom
  2327 | D:5      | Entered Level 5 of the Dungeon
  2327 | D:5      | Noticed a scorpion
  2332 | D:5      | Reached XP level 5. HP: 39/48 MP: 9/9
  2418 | D:5      | Noticed Grinder
  2444 | D:5      | Noticed a centaur
  2454 | D:5      | Shot with an arrow by a centaur

Illustrated notes

Levels and vault maps discovered:
D:1:      elethiomel_arrival_shortcut, layout_basic,
          ebering_ecumenical_altar_webs
D:2:      layout_rooms, minmay_misc_feat_room, minmay_vboxes
D:3:      layout_loops_ring, gammafunk_ghost_grave, corexii_corridor_pit,
          chequers_big_river, uniq_robin
D:4:      layout_cave_pools
D:5:      layout_cave_pods, mainiacjoe_overflow_swirl, marbit_many_paths,
          mainiacjoe_overflow_alcove_4, temple_green, serial_glass,
          glass_columns_a, glass_columns_a, uniq_grinder, uniq_menkaure

Skill      XL: |  1  2  3  4  5 |
---------------+----------------+-----
Armour         | 1 |  1.5
Fighting       | 3 |  3.0
Spellcasting   | 3 |  3.0
Maces & Flails | |  3.8
Dodging        | |  1.6
Conjurations   | |  3.8

Action                   |  1- 3 |  4- 6 || total
-------------------------+-------+-------++-------
Melee: Mace              |    28 |       ||    28
       Whip              |    42 |    83 ||   125
       Punch             |     1 |     1 ||     2
 Abil: Spit Poison       |    21 |    17 ||    38
  Use: Scroll            |     2 |     4 ||     6
       Potion            |       |     2 ||     2
Armor: Leather armour    |     1 |       ||     1
       Ring mail         |    44 |    23 ||    67
       Robe              |       |    16 ||    16
Dodge: Dodged            |    37 |    42 ||    79

Table legend: (Time is in decaauts)
 A = Elapsed time spent in this place.
 B = Non-inter-level travel time spent in this place.
 C = Inter-level travel time spent in this place.
 D = Time resting spent in this place.
 E = Time spent auto-exploring this place.
 F = Levels seen in this place.
 G = Mean time per level.
                   A        B        C        D        E       F      G
               +--------+--------+--------+--------+--------+-----+--------+
         Total |   3213 |   3027 |    186 |     54 |   2124 |   5 |  642.6 |
       Dungeon |   3213 |   3027 |    186 |     54 |   2124 |   5 |  642.6 |
               +--------+--------+--------+--------+--------+-----+--------+

Top non-repeatable levels by time:
     D:3: 1333 daAuts
     D:1: 1047 daAuts
     D:2: 673 daAuts
     D:5: 140 daAuts
     D:4: 18 daAuts
